Cogmind - Beta 15 *** ADVENTURER MODE // 2025.09.27 @ 12:09:20 // Winter2019/RPGLIKE Player: Gallgagger Result: Self-destructed Performance ------------- Evolutions (3) 1500 Regions Visited (12) 2400 Robots Destroyed (238) 1190 Value Destroyed (7458) 7458 Prototype IDs (45) 900 Alien Tech Used (0) 0 Bonus (705) 705 TOTAL SCORE: 14153 Bonus ------- High Alert Combat Kills 290 Follower Combat Kills 115 Aligned with FarCom 300 Cogmind --------- Core Integrity 586/600 Matter 388/450 Energy 410/410 System Corruption 1% Temperature Cool (0) Movement Hovering (34) Location -7/Lower Caves Parts ------- > --- POWER (2) -------- Cooled Deuterium Engine Cold Fusion Reactor > --- PROPULSION (5) --- Cooled Airjet Cooled Airjet Cooled Airjet Cooled Antigrav System (fused) Cooled Antigrav System > --- UTILITY (7) ------ Improved Salvage Targeting Computer Experimental Core Analyzer Improved Armor Integrity Analyzer Advanced Weapon Cycler > --- WEAPON (4) ------- 8R-AWN's Boregun > --- INVENTORY (4) ---- Gravity Neutralizer ME-RLN's Chromatic Screen Plasma Cutter Peak State ------------ > --- POWER ------------ Cold Fusion Reactor Light Neutrino Core > --- PROPULSION ------- Advanced Myomer Leg Advanced Myomer Leg Cooled Antigrav System Cooled Antigrav System > --- UTILITY ---------- Gravity Neutralizer Experimental Core Analyzer Improved Armor Integrity Analyzer Advanced Weapon Cycler 8R-AWN's Armor/EX > --- WEAPON ----------- 8R-AWN's Boregun 8R-AWN's Boregun > --- INVENTORY -------- Improved Hover Unit ME-RLN's Chromatic Screen Trap Reconfigurator [Rating: 130] Favorites ----------- Power Fission Core Engine Heavy Ion Engine Power Core Fission Core Reactor Cold Fusion Reactor Propulsion Light Treads Treads Light Treads Leg Advanced Myomer Leg Wheel Wheel Hover Unit Cooled Antigrav System Utility Armor Integrity Analyzer Device Advanced Weapon Cycler Processor Armor Integrity Analyzer Hackware Hacking Suite Protection 8R-AWN's Armor/EX Weapon Autogun Ballistic Gun Autogun Special Weapon Plasma Cutter Build | -11 -10 -10 -9 -9 -9 -8 -8 -7 -7 -7 -7 -7 ------- Run | Yrd Mat Min Mat Min Exi Min Mat Fac Was Fac Low Low Slots Evolved 14 | 4 3 1 4 . . . 1 . . 1 . . Power 1 | 1 . . . . . . . . . . . . Propulsion 4 | 1 . . 2 . . . . . . 1 . . Utility 6 | 1 1 1 2 . . . 1 . . . . . Weapon 3 | 1 2 . . . . . . . . . . . Parts Attached 69 | 6 6 4 18 1 15 5 3 1 . 10 . . Power 9 | 2 1 1 2 . 2 . . 1 . . . . Engine 5 | 2 . . 2 . . . . 1 . . . . Core 3 | . 1 1 . . 1 . . . . . . . Reactor 1 | . . . . . 1 . . . . . . . Propulsion 17 | 2 . . 5 . 2 2 2 . . 4 . . Treads 5 | . . . 5 . . . . . . . . . Leg 2 | . . . . . 2 . . . . . . . Wheel 2 | 2 . . . . . . . . . . . . Hover 8 | . . . . . . 2 2 . . 4 . . Flight . | . . . . . . . . . . . . . Utility 28 | . 3 3 4 1 9 3 . . . 5 . . Device 11 | . . . 1 1 4 2 . . . 3 . . Storage . | . . . . . . . . . . . . . Processor 7 | . 1 1 1 . 3 . . . . 1 . . Hackware 2 | . . . . . . 1 . . . 1 . . Protection 8 | . 2 2 2 . 2 . . . . . . . Artifact . | . . . . . . . . . . . . . Weapon 15 | 2 2 . 7 . 2 . 1 . . 1 . . Energy Gun . | . . . . . . . . . . . . . Energy Cannon . | . . . . . . . . . . . . . Ballistic Gun 14 | 2 2 . 7 . 2 . 1 . . . . . Ballistic Cannon . | . . . . . . . . . . . . . Launcher . | . . . . . . . . . . . . . Special Weapon 1 | . . . . . . . . . . 1 . . Impact Weapon . | . . . . . . . . . . . . . Slashing Weapon . | . . . . . . . . . . . . . Piercing Weapon . | . . . . . . . . . . . . . Special Melee Weapon . | . . . . . . . . . . . . . Unidentified Prototypes 21 | . . . 2 1 10 4 1 1 . 2 . . Parts Lost 1 | . . . . . . . . 1 . . . . Power 1 | . . . . . . . . 1 . . . . Propulsion . | . . . . . . . . . . . . . Utility . | . . . . . . . . . . . . . Weapon . | . . . . . . . . . . . . . Highest Loss Streak 1 | . . . . . . . . 1 . . . . To Critical Strikes . | . . . . . . . . . . . . . Average Backups 2 | 1 2 2 1 1 2 3 3 3 3 3 4 3 Power . | . . . . . . . . . . . . . Propulsion . | 1 2 2 . . . . . 1 1 . . . Utility 1 | . . . . 1 1 3 2 2 2 2 3 2 Weapon . | . . . . . . . . . . . . . Tool/Special . | . . . . . . . . . . . . . Unused Backups 11 | . . . . . 9 1 . . . 1 . . Power 3 | . . . . . 3 . . . . . . . Propulsion 1 | . . . . . . . . . . 1 . . Utility 7 | . . . . . 6 1 . . . . . . Weapon . | . . . . . . . . . . . . . Tool/Special . | . . . . . . . . . . . . . Average Slot Usage (%) 85 | . 98 100 94 93 75 75 74 74 76 76 77 76 Engine 4 | . 13 1 3 6 5 . . . 5 5 5 5 Core 6 | . 7 14 8 6 6 6 5 3 . . . . Reactor 2 | . . . . . . 6 5 5 5 5 5 5 Treads 9 | . . . 24 25 20 4 . . . . . . Leg 3 | . . . . . 3 12 10 . . . . . Wheel 4 | . 21 16 1 . . . . . . . . . Hover 6 | . . . . . . 7 13 23 23 26 27 27 Device 4 | . . . 5 6 5 6 6 11 11 6 5 5 Processor 12 | . 9 14 13 12 12 12 11 11 11 11 16 16 Protection 9 | . 15 16 9 12 9 5 5 5 5 5 5 4 Ballistic Gun 19 | . 29 33 26 25 9 12 11 11 11 11 11 10 Peak Build Rating 130 | 6 13 25 37 44 109 124 130 118 116 129 125 125 Average Rating 65 | 4 10 22 32 37 53 118 123 116 116 122 125 120 On Entrance 73 | . 6 13 25 37 37 109 124 118 116 116 125 125 Naked Turns . | . . . . . . . . . . . . . Heaviest Build 66 | 11 19 26 49 49 66 57 57 60 60 60 60 60 Greatest Support 83 | 26 26 26 83 83 83 60 62 62 62 72 60 60 Greatest Overweight (x) 1 | . . . 1 . 1 1 1 . . . . . Average Overweight (x) . | . . . . . . . . . . . . . Largest Inventory Capacity 4 | 2 2 2 2 2 3 3 3 3 3 4 4 4 Average Capacity 2 | 2 2 2 2 2 2 3 3 3 3 3 4 4 Most Carried 4 | 2 2 2 2 2 3 3 3 3 3 4 4 4 Average Carried 2 | 1 2 2 1 2 2 2 2 3 3 3 4 3 Final Capacity 4 | 2 2 2 2 2 3 3 3 3 3 4 4 4 Final Carried 4 | 2 2 2 2 2 3 3 3 3 3 4 4 3 Class Distribution -------------------- 49% | Scavenger-Mutant 33% | Scavenger-Gunner 8% | Gunner 8% | Mutant Dominant Class ---------------- Mutant | -10/Materials Scavenger-Gunner | -10/Mines Scavenger-Gunner | -9/Materials Scavenger-Gunner | -9/Mines Scavenger-Mutant | -9/Exiles Scavenger-Mutant | -8/Mines Scavenger-Mutant | -8/Materials Scavenger-Mutant | -7/Factory Scavenger-Mutant | -7/Waste Scavenger-Mutant | -7/Factory Scavenger-Mutant | -7/Lower Caves Scavenger-Mutant | -7/Lower Caves Resources | -11 -10 -10 -9 -9 -9 -8 -8 -7 -7 -7 -7 -7 ----------- Run | Yrd Mat Min Mat Min Exi Min Mat Fac Was Fac Low Low Matter Collected 6105 | 251 480 220 1451 281 673 468 775 . . 1196 310 . Remotely 1505 | . . . 1216 281 8 . . . . . . . Salvage Created 9015 | . 1156 304 2022 229 230 794 1917 . . 1847 516 . Parts 686 | . 98 19 130 35 69 38 146 8 . 116 27 . Haulers Intercepted 7 | . 1 . 3 . . . 3 . . . . . Recyclers Shooed 2 | . . . . . . 1 . . . 1 . . Parts Field Recycled . | . . . . . . . . . . . . . Retrieved Matter . | . . . . . . . . . . . . . Parts Self-Destructed 27 | . . . . . . . . . . . 27 . Prevented . | . . . . . . . . . . . . . Kills | -11 -10 -10 -9 -9 -9 -8 -8 -7 -7 -7 -7 -7 ------- Run | Yrd Mat Min Mat Min Exi Min Mat Fac Was Fac Low Low Combat Hostiles Destroyed 179 | . 30 14 40 15 2 9 30 2 . 26 11 . Guns 179 | . 30 14 40 15 2 9 30 2 . 26 11 . Classes Destroyed 18 | . 8 2 2 . 2 1 1 . . 2 . . Worker 8 | . 2 1 . 1 . 1 1 . . 2 . . Builder 8 | . 1 . . . . 2 5 . . . . . Tunneler 5 | . 2 . . . . 2 . . . 1 . . Hauler 7 | . 1 . 3 . . . 3 . . . . . Recycler 14 | . 4 . 1 . . 2 1 . . 6 . . Mechanic 2 | . . . 2 . . . . . . . . . Operator 2 | . . . . . . . . . . 2 . . Turret 1 | . . . . . 1 . . . . . . . Watcher 16 | . 3 . 4 . . . 5 . . 4 . . Swarmer 50 | . 9 . 5 15 . 3 6 . . 9 3 . Grunt 77 | . 21 4 24 . . 5 11 . . 5 7 . Brawler 3 | . . . . . . 1 2 . . . . . Duelist 3 | . . . 3 . . . . . . . . . Sentry 29 | . . 2 8 . . . 10 2 . 6 1 . Hunter 2 | . . . . . . . 1 . . 1 . . Programmer 5 | . . . . . . . . . . 5 . . Zionite 3 | . . . . . 3 . . . . . . . Assembled 9 | . . 8 . . 1 . . . . . . . Best Kill Streak 9 | . 9 7 7 4 4 4 5 2 . 6 8 . Combat Bots Only 8 | . 8 7 7 4 1 3 5 2 . 4 8 . Max Kills in Single Turn 3 | . 2 1 2 3 3 2 2 1 . 2 2 . Gunslinging 2 | . 1 . 1 2 . 1 1 . . . . . Exploded . | . . . . . . . . . . . . . Melee . | . . . . . . . . . . . . . Uniques/NPCs Destroyed 4 | . . . . . 4 . . . . . . . 8R-AWN (-9/Exiles) EX-DEC (-9/Exiles) EX-BIN (-9/Exiles) EX-HEX (-9/Exiles) Combat | -11 -10 -10 -9 -9 -9 -8 -8 -7 -7 -7 -7 -7 -------- Run | Yrd Mat Min Mat Min Exi Min Mat Fac Was Fac Low Low Hostile Shots Fired 494 | . 94 54 53 18 33 30 79 . . 110 19 4 Missed 168 | . 29 11 14 5 8 13 25 . . 51 11 1 Hits 326 | . 65 43 39 13 25 17 54 . . 59 8 3 Melee 3 | . . . . . . . . . . . . 3 Projectile 323 | . 65 43 39 13 25 17 54 . . 59 8 . Critical Strikes 27 | . . 2 1 . 16 . 4 . . 2 2 . Part Disruptions 2 | . . . . . . 2 . . . . . . Damage Taken 3318 | . 658 386 393 76 359 117 451 82 . 714 82 . Core 1973 | . 470 254 254 40 178 70 259 28 . 376 44 . Absorbed by Shields 4 | . . . . . . . . . . 4 . . Redirected to Core 1682 | . 380 202 222 40 178 45 223 28 . 330 34 . Redirected to Shielding 50 | . 37 13 . . . . . . . . . . Ignored by Resistances 1305 | . 203 117 118 26 102 47 260 24 . 363 45 . Regen/Repaired (Parts) 1 | . 1 . . . . . . . . . . . Core Remaining (%) 100 | 100 . 100 . . . 100 100 . . . . . Volleys Fired 452 | . 91 30 75 15 32 34 60 5 . 87 17 6 Largest 4 | . 4 4 4 4 4 2 2 2 . 2 2 2 Hottest 92 | . 80 80 92 92 92 60 60 60 . 60 60 60 Shots Fired 1215 | . 229 120 300 61 90 68 120 10 . 174 34 9 Gun 1215 | . 229 120 300 61 90 68 120 10 . 174 34 9 Cannon . | . . . . . . . . . . . . . Launcher . | . . . . . . . . . . . . . Special . | . . . . . . . . . . . . . Kinetic 1215 | . 229 120 300 61 90 68 120 10 . 174 34 9 Thermal . | . . . . . . . . . . . . . Explosive . | . . . . . . . . . . . . . Electromagnetic . | . . . . . . . . . . . . . Robot Hit Streak 46 | . 31 20 39 20 43 12 22 25 . 46 13 3 Robot Miss Streak 4 | . 2 2 2 4 2 3 3 . . 2 1 2 Penetration Max 2 | . . . . . 2 1 2 . . 1 1 . Secondary Targets 35 | . 6 2 8 6 . 3 5 . . 4 1 . Max Gunslinging Chain 2 | . 1 1 2 2 . 1 1 . . 1 1 . Shots Hit Robots 844 | . 169 89 203 27 77 50 86 3 . 107 28 5 Core Hits 390 | . 80 34 76 16 26 25 55 2 . 61 14 1 Critical Kills 73 | . 1 1 . . 1 9 27 2 . 25 7 . Critical Parts Destroyed 93 | . 1 . . . 4 19 29 . . 29 11 . Critical Strikes 173 | . 2 1 . . 6 28 61 2 . 55 18 . Destroy 173 | . 2 1 . . 6 28 61 2 . 55 18 . Melee Attacks . | . . . . . . . . . . . . . Impact . | . . . . . . . . . . . . . Slashing . | . . . . . . . . . . . . . Piercing . | . . . . . . . . . . . . . Sneak Attacks . | . . . . . . . . . . . . . Combat Hostiles . | . . . . . . . . . . . . . Follow-up Attacks . | . . . . . . . . . . . . . Damage Inflicted 14459 | . 1653 829 3105 450 1371 1066 2273 62 . 2887 666 97 Guns 13805 | . 1653 829 3082 450 1371 1066 2165 62 . 2364 666 97 Cannons . | . . . . . . . . . . . . . Explosions 574 | . . . . . . . 51 . . 523 . . Melee . | . . . . . . . . . . . . . Ramming 80 | . . . 23 . . . 57 . . . . . Kinetic 13805 | . 1653 829 3082 450 1371 1066 2165 62 . 2364 666 97 Thermal 423 | . . . . . . . 51 . . 372 . . Explosive . | . . . . . . . . . . . . . Electromagnetic 151 | . . . . . . . . . . 151 . . Impact . | . . . . . . . . . . . . . Slashing . | . . . . . . . . . . . . . Piercing . | . . . . . . . . . . . . . Highest Corruption 8 | . . . 1 1 1 . . . 8 8 1 1 Average Corruption 2 | . . . 1 1 1 . . . 8 6 1 1 Corruption Purged 9 | . . . . . 1 . . . . 8 . . Corruption Blocked . | . . . . . . . . . . . . . Effects 53 | . . . 6 7 9 . . . 1 25 4 1 Message Errors 14 | . . . 3 1 1 . . . . 7 2 . Matter Fused 11 | . . . . 2 3 . . . 1 4 . 1 Heat Flow Errors 6 | . . . 1 3 1 . . . . 1 . . Energy Discharges 5 | . . . . . 1 . . . . 2 2 . Parts Rejected 1 | . . . . . . . . . . 1 . . Parts Fused 2 | . . . . . 1 . . . . 1 . . Data Loss (minor) 7 | . . . 1 . 2 . . . . 4 . . Data Loss (major) 2 | . . . . . . . . . . 2 . . Misfires 2 | . . . . 1 . . . . . 1 . . Alerts 2 | . . . 1 . . . . . . 1 . . Weapon Failures 1 | . . . . . . . . . . 1 . . Overload Shots . | . . . . . . . . . . . . . Overflow Damage 161 | . . . . . . . . . . 161 . . Projectiles . | . . . . . . . . . . . . . Explosions 161 | . . . . . . . . . . 161 . . Melee . | . . . . . . . . . . . . . Knockbacks . | . . . . . . . . . . . . . Impact . | . . . . . . . . . . . . . Kinetic . | . . . . . . . . . . . . . Secondary . | . . . . . . . . . . . . . Self-Inflicted Damage . | . . . . . . . . . . . . . Shots . | . . . . . . . . . . . . . Rammed 3 | . . . 3 . . . . . . . . . Targets Rammed 6 | . . . 3 . . . 3 . . . . . Kicked 3 | . . . . . . . 3 . . . . . Crushed . | . . . . . . . . . . . . . Highest Temperature 229 | . . 1 121 223 229 . . . . 172 . . Average Temperature 29 | . . 1 9 46 29 . . . . 108 . . Received Heat Transfer 1208 | . 306 158 210 . . 54 315 . . 84 81 . Siege Activations . | . . . . . . . . . . . . . Martial Activations . | . . . . . . . . . . . . . Shielding Activations . | . . . . . . . . . . . . . Robots Disrupted . | . . . . . . . . . . . . . Combat Hostiles . | . . . . . . . . . . . . . Robots Corrupted . | . . . . . . . . . . . . . Combat Hostiles . | . . . . . . . . . . . . . Parts Fried . | . . . . . . . . . . . . . Impact Corruptions . | . . . . . . . . . . . . . Robots Melted . | . . . . . . . . . . . . . Combat Hostiles . | . . . . . . . . . . . . . Parts Melted 3 | . . . 3 . . . . . . . . . Heat Transferred 350 | . . . . . . . 50 . . 300 . . Parts Sabotaged . | . . . . . . . . . . . . . Parts Stolen 3 | . . . . . . . . . . . . 3 Parts Stripped . | . . . . . . . . . . . . . Power Chain Reactions . | . . . . . . . . . . . . . Alert | -11 -10 -10 -9 -9 -9 -8 -8 -7 -7 -7 -7 -7 ------- Run | Yrd Mat Min Mat Min Exi Min Mat Fac Was Fac Low Low Maximum Alert Level 3 | . 2 . 2 1 . . 1 . . 3 . . Low Security (%) 54 | 100 57 100 27 18 . 100 56 100 100 34 . . Level 1 29 | . 40 . 9 81 . . 43 . . 46 . . Level 2 14 | . 1 . 63 . . . . . . 12 . . Level 3 . | . . . . . . . . . . 6 . . Level 4 . | . . . . . . . . . . . . . Level 5 . | . . . . . . . . . . . . . High Security . | . . . . . . . . . . . . . Max Security . | . . . . . . . . . . . . . Peak Influence 866 | . 419 53 674 392 . 100 391 141 9 866 . . Initial 193 | . . . . 193 . . . 141 9 . . . Average 207 | . 180 7 375 265 . 21 192 74 6 302 . . Influence Increases 6417 | . 1018 148 1659 384 . 283 1169 75 . 1386 295 . Destroy 0b10 Robot/C 3500 | . 600 120 900 300 . 180 600 40 . 520 240 . Destroy 0b10 Robot/NC 310 | . 65 5 50 5 . 35 75 . . 75 . . Destroy Leader 886 | . 128 20 274 40 . 20 196 20 . 178 10 . Allied During Kill 25 | . . 3 22 . . . . . . . . . Successful Hack 96 | . . . 14 . . . 27 12 . 43 . . Select Force Hacks 580 | . 210 . 340 . . . 30 . . . . . Disable Machine 486 | . . . 54 9 . 18 45 . . 360 . . Destroy Structure 309 | . . . 5 . . 30 61 3 . 210 . . Lose Combat Pursuer 225 | . 15 . . 30 . . 135 . . . 45 . Influence Decreases 6083 | . 1018 148 1071 855 117 283 806 407 31 530 604 213 Entered New Map 1293 | . . . . 395 117 . . 222 22 . 384 153 Time Decay 4069 | . 795 148 881 460 . 283 623 60 9 530 220 60 Lost Ally 40 | . . . 40 . . . . . . . . . Purge Threat 681 | . 223 . 150 . . . 183 125 . . . . Squads Dispatched 36 | . 10 . 14 . . . 4 . . 8 . . Investigation 27 | . 10 . 11 . . . 3 . . 3 . . Extermination 4 | . . . . . . . . . . 4 . . Reinforcement 3 | . . . 2 . . . . . . 1 . . Assault 1 | . . . 1 . . . . . . . . . Garrison 1 | . . . . . . . 1 . . . . . Intercept . | . . . . . . . . . . . . . Searches Triggered . | . . . . . . . . . . . . . Construction Impeded . | . . . . . . . . . . . . . Haulers Reinforced . | . . . . . . . . . . . . . Active Scanning Responses . | . . . . . . . . . . . . . Cargo Convoy Interrupts . | . . . . . . . . . . . . . Stealth | -11 -10 -10 -9 -9 -9 -8 -8 -7 -7 -7 -7 -7 --------- Run | Yrd Mat Min Mat Min Exi Min Mat Fac Was Fac Low Low Distress Signals 4 | . . . 3 . . . . . . 1 . . Communications Jammed . | . . . . . . . . . . . . . Distress Signals . | . . . . . . . . . . . . . Times Spotted 261 | . 37 36 47 13 24 12 42 1 3 30 13 3 Peak Tracking Total 23 | . 5 23 4 4 9 4 5 1 3 4 6 3 Tactical Retreats 24 | . 1 3 . 1 6 2 8 . . . 3 . Traps | -11 -10 -10 -9 -9 -9 -8 -8 -7 -7 -7 -7 -7 ------- Run | Yrd Mat Min Mat Min Exi Min Mat Fac Was Fac Low Low Traps Triggered 20 | . 3 . 5 . . . 3 2 . 7 . . Indirectly 1 | . . . . . . . . . . 1 . . Trap Hack Attempts . | . . . . . . . . . . . . . Triggered . | . . . . . . . . . . . . . Disarmed . | . . . . . . . . . . . . . Reprogrammed . | . . . . . . . . . . . . . Reused . | . . . . . . . . . . . . . Traps Extracted . | . . . . . . . . . . . . . Installed . | . . . . . . . . . . . . . Triggered . | . . . . . . . . . . . . . Machines | -11 -10 -10 -9 -9 -9 -8 -8 -7 -7 -7 -7 -7 ---------- Run | Yrd Mat Min Mat Min Exi Min Mat Fac Was Fac Low Low Machines Disabled 62 | . . . 6 1 8 2 5 . . 40 . . Max in Single Turn 6 | . . . 1 1 1 2 2 . . 6 . . Garrison Access 1 | . . . . . . . 1 . . . . . Machines Repaired . | . . . . . . . . . . . . . Machines Dismantled . | . . . . . . . . . . . . . Machines Sabotaged 8 | . 3 . 5 . . . . . . . . . Overloaded Fab Kills . | . . . . . . . . . . . . . Hacking | -11 -10 -10 -9 -9 -9 -8 -8 -7 -7 -7 -7 -7 --------- Run | Yrd Mat Min Mat Min Exi Min Mat Fac Was Fac Low Low Machines Accessed 46 | . 9 1 12 1 1 . 12 1 . 8 . 1 Terminals 33 | . 6 1 8 . . . 9 1 . 7 . 1 Fabricators 1 | . . . . . . . . . . 1 . . Repair Stations 3 | . 1 . 1 . . . 1 . . . . . Recycling Units 5 | . 2 . 2 . . . 1 . . . . . Scanalyzers 1 | . . . 1 . . . . . . . . . Garrison Access 1 | . . . . . . . 1 . . . . . Total Hacks 98 | . 22 3 21 1 1 . 29 2 . 17 . 2 Successful 52 | . 11 2 14 1 1 . 13 2 . 6 . 2 Failed 44 | . 11 . 7 . . . 15 . . 11 . . Catastrophic 4 | . . . 1 . . . . . . 3 . . Database Lockouts 2 | . . 1 . . . . 1 . . . . . Manual 78 | . 17 3 17 . 1 . 23 1 . 16 . . Terminals 80 | . 16 3 17 . . . 24 2 . 16 . 2 Fabricators 1 | . . . . . . . . . . 1 . . Repair Stations 3 | . 1 . 1 . . . 1 . . . . . Recycling Units 8 | . 5 . 2 . . . 1 . . . . . Scanalyzers 1 | . . . 1 . . . . . . . . . Garrison Access 3 | . . . . . . . 3 . . . . . Terminal Hacks 18 | . 2 2 3 1 1 . 5 1 . 1 . 2 Record 2 | . . . . . . . . . . . . 2 Robot Analysis 5 | . . 2 . . . . 3 . . . . . Open Door 1 | . . . . 1 . . . . . . . . Branch Access Points 1 | . . . . . . . . . . 1 . . Unreport Threat 6 | . 2 . 1 . . . 2 1 . . . . Locate Traps 1 | . . . 1 . . . . . . . . . Hauler Manifests 1 | . . . 1 . . . . . . . . . Proto ID Catalog 1 | . . . . . 1 . . . . . . . Fabricator Hacks . | . . . . . . . . . . . . . Repair Station Hacks . | . . . . . . . . . . . . . Recycling Unit Hacks 1 | . 1 . . . . . . . . . . . Retrieve Components 1 | . 1 . . . . . . . . . . . Scanalyzer . | . . . . . . . . . . . . . Garrison Access Hacks 1 | . . . . . . . 1 . . . . . Seal Access 1 | . . . . . . . 1 . . . . . Unauthorized Hacks 32 | . 8 . 11 . . . 7 1 . 5 . . Terminals 22 | . 5 . 7 . . . 5 1 . 4 . . Botnet 11 | . . . 1 . . . 5 1 . 4 . . Sabotage 11 | . 5 . 6 . . . . . . . . . Fabricators 1 | . . . . . . . . . . 1 . . Liberate 1 | . . . . . . . . . . 1 . . Repair Stations 3 | . 1 . 1 . . . 1 . . . . . Patch 3 | . 1 . 1 . . . 1 . . . . . Recycling Units 5 | . 2 . 2 . . . 1 . . . . . Tunnel 5 | . 2 . 2 . . . 1 . . . . . Scanalyzers 1 | . . . 1 . . . . . . . . . Extract 1 | . . . 1 . . . . . . . . . Garrison Access . | . . . . . . . . . . . . . Data Cores Recovered . | . . . . . . . . . . . . . Used . | . . . . . . . . . . . . . Hacking Detections 26 | . 3 . 5 . . . 9 1 . 7 . 1 Full Trace Events 2 | . 1 . . . . . . . . 1 . . Feedback Events . | . . . . . . . . . . . . . Feedback Blocked . | . . . . . . . . . . . . . Robot Schematics Acquired . | . . . . . . . . . . . . . Robots Built . | . . . . . . . . . . . . . Authchips . | . . . . . . . . . . . . . Time . | . . . . . . . . . . . . . Total Robot Build Rating . | . . . . . . . . . . . . . Part Schematics Acquired 3 | . . . 3 . . . . . . . . . Parts Built . | . . . . . . . . . . . . . Authchips . | . . . . . . . . . . . . . Time . | . . . . . . . . . . . . . Total Part Build Rating . | . . . . . . . . . . . . . Parts Repaired . | . . . . . . . . . . . . . Time . | . . . . . . . . . . . . . Parts Recycled . | . . . . . . . . . . . . . Recycled Matter . | . . . . . . . . . . . . . Retrieved Matter . | . . . . . . . . . . . . . Retrieved Components 4 | . 4 . . . . . . . . . . . Parts Scanalyzed . | . . . . . . . . . . . . . Part Schematics Acquired . | . . . . . . . . . . . . . Parts Damaged . | . . . . . . . . . . . . . Bothacking | -11 -10 -10 -9 -9 -9 -8 -8 -7 -7 -7 -7 -7 ------------ Run | Yrd Mat Min Mat Min Exi Min Mat Fac Was Fac Low Low Used RIF Installer . | . . . . . . . . . . . . . Robots Hacked . | . . . . . . . . . . . . . Non-combat . | . . . . . . . . . . . . . Combat . | . . . . . . . . . . . . . Robot Hacks Applied . | . . . . . . . . . . . . . Relay Couplers Released . | . . . . . . . . . . . . . Fabnet Peak Effective % . | . . . . . . . . . . . . . Robots Rewired 2 | . . . . . . . . . . . 2 . Allies Hacked . | . . . . . . . . . . . . . Hacks Repelled . | . . . . . . . . . . . . . Allies | -11 -10 -10 -9 -9 -9 -8 -8 -7 -7 -7 -7 -7 -------- Run | Yrd Mat Min Mat Min Exi Min Mat Fac Was Fac Low Low Total Allies 7 | . . 2 . 3 . . . . . . 2 . Largest Group 3 | . . 2 2 3 3 . . . . . 2 2 Highest-Rated Group 49 | . . 49 49 40 40 . . . . . 36 36 Highest-Rated Ally 31 | . . 31 31 16 16 . . . . . 20 20 Total Orders 4 | . . . . 1 3 . . . . . . . STAY 4 | . . . . 1 3 . . . . . . . Ally Attacks 59 | . . . 28 . 17 . . . . . 12 2 Total Damage 482 | . . . 292 . 85 . . . . . 105 . Kills 8 | . . . 5 . 2 . . . . . 1 . Allies Corrupted . | . . . . . . . . . . . . . Allies Melted . | . . . . . . . . . . . . . Intel | -11 -10 -10 -9 -9 -9 -8 -8 -7 -7 -7 -7 -7 ------- Run | Yrd Mat Min Mat Min Exi Min Mat Fac Was Fac Low Low Active Infowar (turns) . | . . . . . . . . . . . . . Robot Analysis Total 5 | . . 2 . . . . 3 . . . . . Derelict Logs Recovered 7 | . . 2 . 3 . . . . . . 1 1 Drone Launches . | . . . . . . . . . . . . . Drone Recoveries . | . . . . . . . . . . . . . Exploration | -11 -10 -10 -9 -9 -9 -8 -8 -7 -7 -7 -7 -7 ------------- Run | Yrd Mat Min Mat Min Exi Min Mat Fac Was Fac Low Low Turns Passed 11363 | 64 1715 830 1853 927 1693 1103 1322 147 25 1112 447 125 Spaces Moved 9595 | 60 1188 752 894 539 1028 762 1018 279 59 1941 743 332 Core 3 | 3 . . . . . . . . . . . . Treads 1952 | . . . 793 539 620 . . . . . . . Legs 1954 | . . . . . 408 762 784 . . . . . Wheels 2098 | 57 1188 752 101 . . . . . . . . . Hover 3588 | . . . . . . . 234 279 59 1941 743 332 Flight . | . . . . . . . . . . . . . Fastest Speed 34 | 50 90 90 90 160 120 120 43 43 43 34 34 34 Average Speed 91 | 88 90 90 152 160 144 132 102 43 43 35 34 34 Slowest Speed 240 | 100 90 90 160 160 240 190 190 43 43 43 34 34 Overloaded Moves . | . . . . . . . . . . . . . Propulsion Burnouts . | . . . . . . . . . . . . . Robots Hopped . | . . . . . . . . . . . . . Potential Cave-ins . | . . . . . . . . . . . . . Cave-ins Triggered . | . . . . . . . . . . . . . Exploration Rate (%) 72 | 5 96 96 89 99 89 99 95 9 62 62 96 47 Regions Visited 12 Branch Regions 6 Pre-discovered Areas 7 | . 2 1 2 1 . . 1 . . . . . Known Exits Taken 1 | . . . . . . . . . . 1 . . Unknown Exits Taken 9 | 1 1 1 1 1 1 1 1 . . . 1 . Scrap Searched 10 | . . 2 . 1 . 1 . . . . 4 2 Spaces Dug 43 | . . . . . . . . 2 . 41 . . Terrain Destroyed 369 | . . . . . 3 52 66 5 . 235 8 . Melee . | . . . . . . . . . . . . . Projectile 122 | . . . . . 3 50 45 3 . 15 6 . AOE 232 | . . . . . . . 20 . . 212 . . Terrain Rammed . | . . . . . . . . . . . . . Walls Destroyed . | . . . . . . . . . . . . . Machines Disabled . | . . . . . . . . . . . . . Actions | -11 -10 -10 -9 -9 -9 -8 -8 -7 -7 -7 -7 -7 --------- Run | Yrd Mat Min Mat Min Exi Min Mat Fac Was Fac Low Low Total 11503 | 67 1665 848 1252 578 1197 815 1218 299 58 2253 915 338 Wait 1027 | . 343 41 218 13 63 1 69 10 . 158 111 . Move 9584 | 59 1187 751 893 538 1027 761 1017 279 58 1940 742 332 Hop . | . . . . . . . . . . . . . Pick Up 22 | 2 . . 2 . 15 . 1 . . 2 . . Fast Attach 47 | 6 5 1 5 1 13 6 5 1 . 4 . . Attach 3 | . . . 1 . 1 . 1 . . . . . Detach 4 | . . . . . 2 1 . . . 1 . . Swap 39 | . 1 3 16 1 7 . . . . 11 . . Drop 59 | . 1 2 12 1 30 6 4 . . 3 . . Fire 452 | . 91 30 75 15 32 34 60 5 . 87 17 6 Melee . | . . . . . . . . . . . . . Ram . | . . . . . . . . . . . . . Kick 3 | . . . . . . . 3 . . . . . Crush 3 | . . . 3 . . . . . . . . . Escape Stasis 13 | . . . . . . . . . . 13 . . Rewire 40 | . . . . . . . . . . . 40 . Trap . | . . . . . . . . . . . . . Miscellaneous 207 | . 37 20 27 9 7 6 58 4 . 34 5 . Route ------- -11/Scrapyard -10/Materials (discovered 6 exits: *Mat x3 / *Min x2 / [*Sub]) -10/Mines (discovered 3 exits: *Mat x2 / [*Sub]) -9/Materials (discovered 3 exits: *Mat x2 / *Min) -9/Mines (discovered 4 exits: *Mat x2 / *Exi / [*Zio]) -9/Exiles -8/Mines (discovered 2 exits: *Mat x2) -8/Materials (discovered 3 exits: *Fac x3) -7/Factory -7/Waste -7/Factory (discovered 6 exits: *Fac x3 / *Sto / *Low x2) -7/Lower Caves -7/Lower Caves (discovered 1 exit: Fac) History --------- Turn | Location | Event 1 | -11/Scrapyard | Upgraded with Power slot (x1) 1 | -11/Scrapyard | Upgraded with Propulsion slot (x1) 1 | -11/Scrapyard | Upgraded with Utility slot (x1) 1 | -11/Scrapyard | Upgraded with Weapon slot (x1) 18 | -11/Scrapyard | Discovered new exit (range 16) 65 | -11/Scrapyard | Entered Materials 259 | -10/Materials | Discovered new exit (range 12) 309 | -10/Materials | Build established: Mutant 360 | -10/Materials | Reached level 2 452 | -10/Materials | Destroyed 8 combat bots 457 | -10/Materials | Discovered new exit (range 7) 496 | -10/Materials | Discovered new exit (range 16) 572 | -10/Materials | Reached level 3 641 | -10/Materials | Discovered new exit (range 6) 809 | -10/Materials | Upgraded with Utility slot (x1) 933 | -10/Materials | Discovered new exit (range 10) 1001 | -10/Materials | Upgraded with Weapon slot (x2) 1244 | -10/Materials | Reached level 4 1312 | -10/Materials | Build established: Gunner 1721 | -10/Materials | Discovered new exit (range 3) 1780 | -10/Materials | Entered Mines 1781 | -10/Mines | Assembled infested the area 1786 | -10/Mines | Assisted by a Guerilla fighting off Assembled 1930 | -10/Mines | Upgraded with Utility slot (x1) 1939 | -10/Mines | Destroyed 7 combat bots 1981 | -10/Mines | Discovered new exit (range 11) 2098 | -10/Mines | Central database locked down 2215 | -10/Mines | Discovered new exit (range 3) 2237 | -10/Mines | Build established: Scavenger-Gunner 2405 | -10/Mines | Learned location of Storage (-7) 2438 | -10/Mines | Discovered new exit (range 6) 2610 | -10/Mines | Entered Materials 2610 | -9/Materials | Accompanied by 2 allies 2612 | -9/Materials | Reached level 5 2615 | -9/Materials | Led the pair of lost Derelicts to an unsafe place 2710 | -9/Materials | Reached level 6 2727 | -9/Materials | Upgraded with Propulsion slot (x1) 2733 | -9/Materials | Upgraded with Propulsion slot (x1) 2733 | -9/Materials | Upgraded with Utility slot (x1) 3084 | -9/Materials | Reached level 7 3107 | -9/Materials | Discovered new exit (range 16) 3254 | -9/Materials | Reached level 8 3304 | -9/Materials | Destroyed 7 combat bots 3417 | -9/Materials | Discovered new exit (range 16) 3590 | -9/Materials | Reached level 9 3786 | -9/Materials | Discovered new exit (range 14) 3810 | -9/Materials | First assault squad dispatched 4134 | -9/Materials | Upgraded with Utility slot (x1) 4463 | -9/Materials | Entered Mines 4465 | -9/Mines | Reached level 10 4774 | -9/Mines | Received a Rocket Launcher from a helpful Derelict 4865 | -9/Mines | Discovered new exit (range 12) 4929 | -9/Mines | Learned Materials stockpile data 4929 | -9/Mines | Assisted by bots powering up and referring to "LRC-V3" 4952 | -9/Mines | Learned location of Zion (-7) 4966 | -9/Mines | Deemed a non-threat by the Exiles lab entrance 4968 | -9/Mines | Discovered new exit (range 5) 5080 | -9/Mines | A Derelict revealed a hidden shortcut to a safe place 5272 | -9/Mines | Discovered new exit (range 8) 5287 | -9/Mines | Found the Drone Emporium 5294 | -9/Mines | Found Prototype Device 5294 | -9/Mines | Identified Sensor Drone Bay 5390 | -9/Mines | Entered Exiles 5390 | -9/Exiles | Accompanied by 3 allies 5427 | -9/Exiles | Met 8R-AWN 5458 | -9/Exiles | Met EX-HEX 5520 | -9/Exiles | Met EX-DEC 5866 | -9/Exiles | Build established: Scavenger-Mutant 6042 | -9/Exiles | Met EX-BIN 6065 | -9/Exiles | Aligned with FarCom system 6066 | -9/Exiles | Given EX-Vault access code 6105 | -9/Exiles | Opened EX-Vault 6145 | -9/Exiles | Warned to stay clear of 0b10 Research branches 6352 | -9/Exiles | Attacked by the Exiles 6481 | -9/Exiles | Lost 3 allies 6489 | -9/Exiles | Destroyed 8R-AWN 6506 | -9/Exiles | Found Prototype Ballistic Gun 6506 | -9/Exiles | Identified 8R-AWN's Boregun 6510 | -9/Exiles | Found 8R-AWN's Boregun 6526 | -9/Exiles | Found Prototype Processor 6526 | -9/Exiles | Identified Exp. Targeting Computer 6531 | -9/Exiles | Found Prototype Protection 6531 | -9/Exiles | Identified 8R-AWN's Armor/EX 6663 | -9/Exiles | Found Trap Reconfigurator 6667 | -9/Exiles | Found PSU Rigger 6826 | -9/Exiles | Destroyed EX-DEC 6843 | -9/Exiles | Found Prototype Processor 6843 | -9/Exiles | Identified Exp. Core Analyzer 6849 | -9/Exiles | Destroyed EX-BIN 6852 | -9/Exiles | Destroyed EX-HEX 6857 | -9/Exiles | Found Prototype Device 6857 | -9/Exiles | Identified System Purifier 7070 | -9/Exiles | Discovered new exit (range 12) 7083 | -9/Exiles | Stole two prototypes: Trap Reconfigurator, PSU Rigger 7083 | -9/Exiles | Entered Mines 7111 | -8/Mines | Reached level 11 7151 | -8/Mines | ME-RLN came to Exiles' defense 7456 | -8/Mines | Found Prototype Device 7456 | -8/Mines | Identified ME-RLN's Chromatic Screen 7460 | -8/Mines | Found Prototype Hackware 7460 | -8/Mines | Identified System Mapper 7538 | -8/Mines | Discovered new exit (range 8) 7666 | -8/Mines | Discovered new exit (range 8) 7851 | -8/Mines | Found a Scrap Suit stashed away for nefarious purposes 8186 | -8/Mines | Entered Materials 8188 | -8/Materials | Reached level 12 8809 | -8/Materials | Garrison activated, responded to threat 8857 | -8/Materials | Discovered new exit (range 13) 9027 | -8/Materials | Discovered new exit (range 15) 9092 | -8/Materials | Reached level 13 9281 | -8/Materials | Central database locked down 9344 | -8/Materials | Upgraded with Utility slot (x1) 9404 | -8/Materials | Discovered new exit (range 12) 9508 | -8/Materials | Entered Factory 9509 | -7/Factory | Identified exit to Storage 9510 | -7/Factory | Reached level 14 9655 | -7/Factory | Sucked down chute 9655 | -7/Factory | Entered Waste 9660 | -7/Waste | Spotted C-40 Crusher 9664 | -7/Waste | Spotted C-40 Crusher 9664 | -7/Waste | Spotted C-40 Crusher 9665 | -7/Waste | Spotted C-40 Crusher 9670 | -7/Waste | EMP discharged 9674 | -7/Waste | Discovered new exit (range 16) 9674 | -7/Waste | Spotted C-40 Crusher 9680 | -7/Waste | Entered Factory 9723 | -7/Factory | Discovered new exit (range 11) 9735 | -7/Factory | Discovered new exit (range 16) 9848 | -7/Factory | Upgraded with Propulsion slot (x1) 9902 | -7/Factory | Reached level 15 9917 | -7/Factory | Discovered new exit (range 6) 10017 | -7/Factory | Identified exit to Lower Caves 10137 | -7/Factory | Discovered new exit (range 6) 10662 | -7/Factory | Reached level 16 10792 | -7/Factory | Entered Lower Caves 10887 | -7/Lower Caves | Destroyed 8 combat bots 11026 | -7/Lower Caves | Discovered new exit (range 8) 11059 | -7/Lower Caves | Encountered a Warlord checkpoint 11239 | -7/Lower Caves | Entered another Lower Caves area 11239 | -7/Lower Caves | Accompanied by 2 allies 11308 | -7/Lower Caves | Identified exit to Factory 11318 | -7/Lower Caves | Spotted MN-OYV(f) 11319 | -7/Lower Caves | Encountered a Master Thief 11319 | -7/Lower Caves | Spotted H2-LXK(f) 11320 | -7/Lower Caves | Encountered a Master Thief 11321 | -7/Lower Caves | Spotted 2V-HQ0(f) 11321 | -7/Lower Caves | Trap Reconfigurator stolen by Master Thief 11322 | -7/Lower Caves | Encountered a Master Thief 11351 | -7/Lower Caves | 8R-AWN's Armor/EX stolen by Master Thief 11352 | -7/Lower Caves | 8R-AWN's Boregun stolen by Master Thief 11364 | -7/Lower Caves | Self-destructed Last Messages --------------- >>Query(Status Report 434V) HEAT REACHING DANGEROUS LEVELS. INVESTIGATING SOURCE. 11318_ HV Slug penetrates Wall. 11318_ HV Slug penetrates Machine. 11320_ HV Slug penetrates MN-OYV(f). 11320_ HV Slug penetrates Machine. 11320_ HV Slug penetrates MN-OYV(f). 11321_ Trap Reconfigurator stolen. 11322_ 2V-HQ0(f): "I heard you've acquired some good parts, parts that will soon be mine." 11338_ System corrupted: Matter fused (-8). 11350_ HV Slug penetrates 2V-HQ0(f). 11350_ HV Slug penetrates Wall. 11351_ 8R-AWN's Armor/EX ripped off. 11352_ 8R-AWN's Boregun ripped off. 11352_ HV Slug penetrates 2V-HQ0(f). 11354_ HV Slug penetrates Wall. 11358_ HV Slug penetrates 2V-HQ0(f). 11358_ HV Slug penetrates Wall. Map ----- +----------------------------------------------------+ | ### ##????????????? ??????##### ##??## #### | | # ?#####???????? ??????# #### ## | | ??# ### ######??? #??????# ## # ## # | | ### ##?? #??????# ### # # # | | ##? #??????# #?## # # | | ####### ## #??????# ##?# ### # # | | ###?????## ## #????### #?#####?## # ## | | #????""##" ###### #???????# ### | | ##???""""" ##???????# #### | | ###" ## ##????????######?# | | ##""""""## ####### #???????????????# | | ##?"""##"# ###### ###?????????????### | | ####### #???????????##### | | # ##??????# ## | | ######## ##????????# | | ###### ## ###??????# #?????????## ## | | ##????## ## ######????###?# #???#####??# ??? | | ???????# ## #??????????# b?? #???# #??# ???? | | ???????# ## #???????????# #??##???# ##?# ????? | | ???????# ###??????####### #???????# ### ?????? | | ???????# ########## ## #???###?# ##??????? | | ???????# r##?## ### ##???????? | | ???????# ### ## #????????? | | ???????############## g ## #??? | | ????????????????????# # ### ### | | ????????????????????# # @#### ### ######## | | ??????????????????? # #??# #?????? | | ??????????????????### # #??## #?????? | | ????????????????????# # #???## ##?????? | | ????????????????????# # #????## ##???# | | ???????????????????? # #?????# #???# | | ????????????????????#### #????? #?# | | ???????????????????????# #???? ## | | ???????????????????????# #??? """ ## # | | ???????????????????????# #?? "" | | ??????????????????????? #? """ # | | ??????????????????????? ?# "" #### ? ? | | ??????????????????????? ? """ "?" ##??? ## ? | | ??????????????????????? "" "? #?????##?? | | ??????????????????????? # ??"" ??? #????????? | | ??????????????????????? ?? ??? ??? #?????????? | | ????????????????????????????????? ???? #?????????? | | ?????????????????????????????????????????????????? | | ?????????????????????????????????????????????????? | | ?????????????????????????????????????????????????? | | ?????????????????????????????????????????????????? | | ?????????????????????????????????????????????????? | | ?????????????????????????????????????????????????? | | ?????????????????????????????????????????????????? | | ?????????????????????????????????????????????????? | +----------------------------------------------------+ Best States ------------- Heat Dissipation 105 Energy Generation 35 Energy Capacity 490 Matter Stores 450 Matter Capacity 450 Sight Range 16 Terrain Scan Density 10 Additional Mass Support 12 Armor Coverage 1200 Resistance: KI 40 Resistance: TH 40 Resistance: EX 100 Resistance: EM 40 Resistance: I 40 Resistance: S 40 Resistance: P 40 Power Shielding 33 Weapon Cycling 25 Evasion (%) 58 Targeting Accuracy 5 Core Analysis 8 Armor Integrity Analysis 40 Recoil Reduction 4 Salvage Targeting 2 Offensive Hacking 30 Item Schematics ----------------- Imp. Light Cannon | -9/Materials | Extracted Hvy. Assault Rifle | -9/Materials | Extracted Imp. Medium Laser | -9/Materials | Extracted Robot Schematics ------------------ None Fabricated ------------ Nothing Repaired ---------- Nothing Alien Tech Used ----------------- None Achievements -------------- None Challenges ------------ None RPGLIKE | -11 -10 -10 -9 -9 -9 -8 -8 -7 -7 -7 -7 -7 --------- Run | Yrd Mat Min Mat Min Exi Min Mat Fac Was Fac Low Low Levels Raised 15 | . 3 . 5 1 . 1 2 1 . 2 . . XP Earned 27712 | 4000 4654 1200 7417 862 117 1329 2904 1747 139 2591 582 170 XP Spent 24745 | 3520 2700 1100 7275 . 2150 1900 2700 300 . 3100 . . Upgrades 45 | 13 3 1 11 . 3 7 3 1 . 3 . . Power Slot 1 | 1 . . . . . . . . . . . . Propulsion Slot 4 | 1 . . 2 . . . . . . 1 . . Utility Slot 6 | 1 1 1 2 . . . 1 . . . . . Weapon Slot 3 | 1 2 . . . . . . . . . . . Heat Dissipation 7 | 7 . . . . . . . . . . . . Energy Generation 1 | . . . . . . . . 1 . . . . Matter Storage 3 | . . . 3 . . . . . . . . . Mass Support 2 | . . . . . . . 2 . . . . . Inventory Capacity 4 | 2 . . . . 1 . . . . 1 . . Ranged Accuracy 4 | . . . 2 . 1 . . . . 1 . . KI Resistance % 2 | . . . . . . 2 . . . . . . TH Resistance % 3 | . . . . . . 3 . . . . . . EX Resistance % 2 | . . . . . . 2 . . . . . . KI Damage % 3 | . . . 2 . 1 . . . . . . . Protomatter Created 2504 | . 527 148 461 74 107 59 436 141 . 368 183 . Integrity Restored 3930 | . 668 409 477 101 156 126 1159 73 . 668 93 . Core 1959 | . 470 254 254 40 156 92 259 28 . 356 50 . Parts 1971 | . 198 155 223 61 . 34 900 45 . 312 43 . Protomatter Decayed 1345 | . 284 90 406 34 83 123 15 46 . 120 144 . Game ------ Seed DrainedMasterReplica Manual? 0 Play Time 01:19:21 Cumulative 382.6 hours Start 2025.09.26 @ 09:17:36 End 2025.09.27 @ 12:09:20 Sessions 5 Manual Loads 0 Difficulty Adventurer Special Mode Winter2019/RPGLIKE Game No. 142 Rogue 0 Adventurer 142 Explorer 0 Win Type - Total 14 Types 2/3/3/3/1/0/0/0/1/1 Lore% 91 Gallery% 81 Achievement% 82 Wizard Run 0 Options --------- Layout 2 ASCII 0 Keyboard 0 Movement Numpad Keybinds 0 Fullscreen 2 Font 24/Smallcaps Map View 50x44 Zoom Use 0% Tactical HUD 1 Map Filters NONE Filters NONE Steam 1 RUN: c89b90e7-572e-4b7b-a8b4-30a504de2df6